 Dungeon Crawl Stone Soup version 0.22-a0-770-gb14bcdc (webtiles) character file.

63 chongming12 the Firebug (level 4, 27/27 HPs)
             Began as a Faerie Dragon Fire Elementalist on Feb 4, 2019.
             Quit the game on level 2 of the Dungeon.
             The game lasted 00:04:42 (931 turns).

chongming12 the Firebug (FDFE)                       Turns: 931, Time: 00:04:43

Health: 27/27      AC:  6    Str:  4    XL:     4   Next: 10%
Magic:  8/8        EV: 15    Int: 20    God:
Gold:   86         SH:  6    Dex: 12    Spells: 6/9 levels left

rFire    . . .     SeeInvis .   k - +1 hunting sling (flame)
rCold    . . .     Gourm    .   (shield restricted)
rNeg     . . .     Faith    .   (armour unavailable)
rPois    .         Spirit   .   (helmet restricted)
rElec    .         Reflect  .   (no cloak)
rCorr    .         Harm     .   (no gloves)
MR       .....                  (no boots)
Stlth    ++........             (no amulet)
HPRegen  0.09/turn              e - -2 ring of strength (curse)
MPRegen  0.11/turn              (no ring)

@: flying, very slightly contaminated
A: small, unfitting armour, magic attunement, magical scales, able to fly
a: Stop Flying


You were on level 2 of the Dungeon.
You were not hungry.

You visited 1 branch of the dungeon, and saw 2 of its levels.

You collected 86 gold pieces.

Inventory:

Hand Weapons
 d - a +0 dagger
 k - a +1 hunting sling of flaming (weapon)
Missiles
 l - 13 stones (quivered)
Jewellery
 e - a cursed -2 ring of strength (left hand)
Wands
 j - a wand of disintegration (13)
Scrolls
 a - 3 scrolls of identify {unknown}
 g - a scroll of amnesia {unknown}
 i - a scroll of teleportation {unknown}
Potions
 c - a potion of cancellation {unknown}
 f - a potion of ambrosia {unknown}
 h - 2 potions of curing {unknown}
Comestibles
 b - 8 rations
 m - 2 chunks of flesh


   Skills:
 + Level 2.4 Dodging
 + Level 1.2 Stealth
 + Level 3.2 Spellcasting
 + Level 2.2 Conjurations
 + Level 4.5 Fire Magic


You had 6 spell levels left.
You knew the following spells:

 Your Spells              Type           Power        Failure   Level  Hunger
a - Flame Tongue          Conj/Fire      ###..        3%          1    None
b - Throw Flame           Conj/Fire      ###...       5%          2    None

Your spell library contained the following spells:

 Spells                   Type           Power        Failure   Level  Hunger
 Fireball                 Conj/Fire      ###.......   67%         5    None
 Conjure Flame            Conj/Fire      ###.....     11%         3    None
 Sticky Flame             Conj/Fire      ###.....     34%         4    None
 Inner Flame              Hex/Fire       ##......     17%         3    None


Dungeon Overview and Level Annotations

Branches:
Dungeon (2/15)

Altars:


Innate Abilities, Weirdness & Mutations

You cannot fit into any form of body armour.
You are small and have problems with some larger weapons.
Your spells do not cause hunger and MP costs are reduced by 1.
Your shimmering scales repel attacks. (AC +6, SH +6)
You can fly continuously.


Message History

You miscast Flame Tongue.
You are very lightly contaminated with residual magic.
Nothing appears to happen.
Casting: Flame Tongue (safe; 3% risk of failure)
Confirm with . or Enter, or press ? or * to list all spells.
Aiming: Flame Tongue (safe; 3% risk of failure)
Press: ? - help, Shift-Dir - straight line, f/p - crabold
Aim: a crabold, wielding a stabby claw The flame tongue hits the crabold.
The crabold is moderately wounded.
Casting: Flame Tongue (safe; 3% risk of failure)
Confirm with . or Enter, or press ? or * to list all spells.
Aiming: Flame Tongue (safe; 3% risk of failure)
Press: ? - help, Shift-Dir - straight line, f/p - crabold
Aim: a crabold, wielding a stabby claw (moderately wounded)
The flame tongue misses the crabold.
The crabold hits you but does no dacastercrab.
Quiver which item? (- for none, * to show all) (? for menu, Esc to quit)
Okay, then.
Are you sure you want to abandon this character and quit the game? (Confirm with "yes".)

........†###.#
#####...####.#
####.#.##.#..#
#........#
#.........#
#.#.###### #
######.####
#(..#
######### #.#
##.##
#.......# #.#
#.#
....###.####.#
#)#
..#..........#
####### #)#
.....##.######
#@?...###)####
#.#.###.#
#K#.#..))....#
........#
#.#....#####.#
#########
#...###.# .#
#... #.# ..
#..(# #.. ..
##.## #### .
#(#


You could see a kobold.

Vanquished Creatures
  Robin (D:2)
  An adder (D:2)
  A leopard gecko (D:2)
  5 giant cockroaches
  13 goblins
  4 hobgoblins
  3 jackals (D:1)
  A quokka (D:2)
  3 bats
  A frilled lizard (D:1)
  3 kobolds (D:1)
  A rat (D:1)
37 creatures vanquished.

Notes
Turn   | Place    | Note
-------+----------+-------------------------------------------
     0 | D:1      | chongming12 the Faerie Dragon Fire Elementalist began the quest for the Orb.
     0 | D:1      | Reached XP level 1. HP: 11/11 MP: 3/3
   287 | D:1      | Reached XP level 2. HP: 17/17 MP: 5/5
   386 | D:1      | Reached skill level 4 in Fire Magic
   825 | D:2      | Reached XP level 3. HP: 21/21 MP: 7/7
   854 | D:2      | Learned a level 2 spell: Throw Flame
   866 | D:2      | Noticed Robin
   885 | D:2      | Killed Robin
   890 | D:2      | Reached XP level 4. HP: 27/27 MP: 8/8
   931 | D:2      | Quit the game

Vault maps used:
D:1:      eino_arrival_cavern_d
D:2:      uniq_robin

Skill      XL: |  1  2  3 |
---------------+----------+-----
Fire Magic     | 4 |  4.5
Spellcasting   | 3 |  3.2
Conjurations   | 2 |  2.2
Dodging        | |  2.4
Stealth        | |  1.2

Action                   |  1- 3 |  4- 6 || total
-------------------------+-------+-------++-------
Melee: Dagger            |     1 |       ||     1
 Fire: Hunting sling     |       |     3 ||     3
 Cast: Flame Tongue      |    53 |    10 ||    63
Armor: Skin              |     4 |     2 ||     6
Dodge: Dodged            |    11 |       ||    11
Block: Other             |     5 |     1 ||     6

Table legend:
 A = Spawn XP
 B = Non-spawn XP
 C = Spawn XP percentage of total XP
 D = Spawn monster count
 E = Non-spawn monster count
 F = Spawn count percentage of total count
 G = Total turns spent on level
                    A         B        C        D         E        F      G
               +---------+---------+-------+---------+---------+-------+---------
         Total |       0 |      91 |   0.0 |       0 |      37 |   0.0 |   931
               +---------+---------+-------+---------+---------+-------+---------
           D:1 |       0 |      25 |   0.0 |       0 |      16 |   0.0 |   656
           D:2 |       0 |      66 |   0.0 |       0 |      21 |   0.0 |   275
               +---------+---------+-------+---------+---------+-------+---------
